 Dungeon Crawl Stone Soup version 0.20-a0-261-gcb1eca7 (webtiles) character file.

77 KristoblXynda the Sneak (level 4, -6/21 HPs)
             Began as a Spriggan Enchanter on Dec 3, 2016.
             Killed by divine providence
             ... invoked by an orc priest
              (15 damage)
             ... on level 3 of the Dungeon.
             The game lasted 00:04:22 (2528 turns).

KristoblXynda the Sneak (Spriggan Enchanter)        Turns: 2528, Time: 00:04:22

Health: -6/21      AC:  3    Str:  4    XL:     4   Next: 13%
Magic:  8/10       EV: 18    Int: 17    God:
Gold:   144        SH:  0    Dex: 16    Spells: 2/10 levels left

rFire  . . .     SeeInvis +     a - +1 dagger
rCold  . . .     Gourm    .     b - +1 robe
rNeg   . . .     Faith    .     (shield restricted)
rPois  .         Spirit   .     (helmet restricted)
rElec  .         Reflect  .     (no cloak)
rCorr  .         Harm     .     (gloves unavailable)
MR     .....                    (boots unavailable)
Stlth  +++.......               (no amulet)
                                (no ring)
                                (no ring)

@: very quick
A: unfitting armour, see invisible, herbivore 3, speed 3, slow metabolism 2
a: no special abilities


You were on level 3 of the Dungeon.
You were not hungry.

You visited 1 branch of the dungeon, and saw 3 of its levels.

You collected 144 gold pieces.

Inventory:

Hand Weapons
 a - a +1 dagger (weapon)
Armour
 b - a +1 robe (worn)
Jewellery
 l - a +3 ring of strength {unknown}
 t - an uncursed amulet of rage {unknown}
Scrolls
 g - 4 scrolls of identify {unknown}
 h - 3 scrolls of teleportation {unknown}
 n - 2 scrolls of magic mapping {unknown}
 q - a scroll of fog {unknown}
 r - a scroll of remove curse {unknown}
Potions
 e - a potion of ambrosia {unknown}
 i - 5 potions of curing {unknown}
 j - 3 potions of lignification {unknown}
 k - 2 potions of resistance {unknown}
 m - a potion of mutation {unknown}
 o - a potion of flight {unknown}
 s - a potion of agility {unknown}
Books
 c - a book of Maledictions

   Spells                             Type                      Level
   a - Corona                         Hexes                        1
   b - Ensorcelled Hibernation        Hexes/Ice                    2
   c - Confuse                        Hexes                        3
   d - Tukima's Dance                 Hexes                        3
   e - Dazzling Spray                 Conjuration/Hexes            3
 p - a book of Minor Magic

   Spells                             Type                      Level
   a - Magic Dart                     Conjuration                  1
   b - Blink                          Translocation                2
   c - Call Imp                       Summoning                    2
   d - Repel Missiles                 Charms/Air                   2
   e - Slow                           Hexes                        2
   f - Conjure Flame                  Conjuration/Fire             3
   g - Mephitic Cloud                 Conjuration/Poison/Air       3
Comestibles
 d - 4 bread rations
 f - 3 fruits


   Skills:
 - Level 1.1 Short Blades
 - Level 3.0 Dodging
 + Level 5.6 Stealth
 + Level 3.8 Spellcasting
 + Level 4.6 Hexes


You had 2 spell levels left.
You knew the following spells:

 Your Spells              Type           Power        Failure   Level  Hunger
a - Corona                Hex            ###....      2%          1    None
b - Ensorcelled Hibernat  Hex/Ice        ##....       12%         2    ##.....
c - Confuse               Hex            ###.....     10%         3    ###....
d - Blink                 Tloc           N/A          30%         2    ##.....


Dungeon Overview and Level Annotations

Branches:
Dungeon (3/15)

Altars:


Innate Abilities, Weirdness & Mutations

You are very small and have problems with some larger weapons.
You are too small for most types of armour.
You have supernaturally acute eyesight. (SInv)
You are a herbivore.
You cover ground extremely quickly.
You need consume almost no food.


Message History

A quokka, an ooze and an orc come into view.
The orc shouts!
An orc comes into view. It is wielding a dagger.
An orc and an orc priest come into view.
The orc priest shouts!
The orc is too close now for your liking.
The orc priest invokes the aid of Beogh against you.
Beogh smites you!
Ouch! That really hurt!
Casting: Ensorcelled Hibernation
Confirm with . or Enter, or press ? or * to list all spells.
Aiming: Ensorcelled Hibernation
Press: ? - help, Shift-Dir - straight line, f - orc
Aim: an orc, wielding a flail (chance to defeat MR: 60%)
The orc resists with significant effort.
The orc completely misses you.
The orc priest invokes the aid of Beogh against you.
Beogh smites you!
Ouch! That really hurt!
You die...

..o...........# #.###
oo............# #...<
..............+ #####
..............# ###.
.......o......# ##...
..............#####+#### ##....
.......!...............###.....
###..........o.........##....##
############@........##...###
#.........#....##$
#.........#...## .
#.........#...# #.........#...#
## #.........##'####.
#.........#.......
#.........#.......
#†........>.......


You could see an orc priest and an orc.

Vanquished Creatures
  2 adders
  A gnoll (D:1)
  An ooze (D:1)
  2 dart slugs
  A leopard gecko (D:1)
  5 goblins
  2 hobgoblins
  4 jackals (D:1)
  A ball python (D:1)
  6 bats
  5 frilled lizards
  6 kobolds
  4 rats
40 creatures vanquished.

Notes
Turn   | Place    | Note
-------+----------+-------------------------------------------
     0 | D:1      | KristoblXynda the Spriggan Enchanter began the quest for the Orb.
     0 | D:1      | Reached XP level 1. HP: 9/9 MP: 5/5
   627 | D:1      | Reached XP level 2. HP: 13/13 MP: 7/7
   725 | D:1      | Reached skill level 5 in Stealth
   972 | D:1      | Learned a level 2 spell: Ensorcelled Hibernation
  1012 | D:1      | Reached XP level 3. HP: 16/16 MP: 8/8
  1046 | D:1      | Learned a level 3 spell: Confuse
  2333 | D:2      | Learned a level 2 spell: Blink
  2399 | D:3      | Reached XP level 4. HP: 21/21 MP: 10/10
  2528 | D:3      | Killed from afar by an orc priest

Vault maps used:
D:1:      dpeg_cavernosity, st_stairs_3
D:2:      first_bread
D:3:      lightli_corner_chamber

Skill      XL: |  1  2 |
---------------+-------+-----
Spellcasting   | 3 |  3.8
Hexes          | 4 |  4.6
Stealth        | 5 |  5.6
Short Blades   | |  1.1
Dodging        | |  3.0

Action                   |  1- 3 |  4- 6 || total
-------------------------+-------+-------++-------
Melee: Dagger            |   127 |     1 ||   128
 Cast: Ensorcelled Hiber |     4 |     1 ||     5
 Stab: Sleeping          |    16 |     1 ||    17
Armor: Robe              |    11 |       ||    11
Dodge: Dodged            |   117 |     1 ||   118
